 Dungeon Crawl Stone Soup version 0.28-a0-1493-g08698888e4 (webtiles) character file.

Game seed: 14436889676825946729

237 murtidash the Magician (level 6, 0/40 HPs)
             Began as a Djinni Ice Elementalist on Jan 12, 2022.
             Slain by ticklebelly's ghost (3 damage)
             ... on level 3 of the Dungeon.
             The game lasted 00:05:40 (3829 turns).

murtidash the Magician (Djinni Ice Elementalist)    Turns: 3829, Time: 00:05:41

Health: 0/40       AC:  2    Str:  7    XL:     6   Next: 28%
Gold:   162        EV: 12    Int: 24    God:
                   SH:  0    Dex: 14

rFire   + . .      SeeInvis .   i - +0 dagger
rCold   . . .      Faith    .   (no shield)
rNeg    . . .      Spirit   .   a - +0 robe
rPois   ∞          Reflect  .   (no helmet)
rElec   .          Harm     .   (no cloak)
rCorr   .          Rampage  .   (no gloves)
Will    .....                   (boots unavailable)
Stlth   ++........              (no amulet)
HPRegen 0.13/turn               g - +6 ring of intelligence
MPRegen 0.00/turn               j - ring of ice {rC+, rF-}

@: flying
A: sickness immunity, fire resistance 2, cold vulnerability 1, float, innate
caster, hp casting, extra vitality 1
a: no special abilities


You were on level 3 of the Dungeon.
You visited 1 branch of the dungeon, and saw 3 of its levels.

You collected 162 gold pieces.

Inventory:

Hand Weapons
 i - a +0 dagger (weapon)
   (You took it off a goblin on level 1 of the Dungeon)
Armour
 a - a +0 robe (worn)
 k - a +0 buckler
   (You found it on level 1 of the Dungeon)
 r - a +0 cloak
   (You took it off Crazy Yiuf on level 2 of the Dungeon)
Jewellery
 g - a +6 ring of intelligence (left hand)
   (You found it on level 1 of the Dungeon)
 j - a ring of ice (right hand) {rC+, rF-}
   (You found it on level 1 of the Dungeon)
Wands
 l - a wand of polymorph (5)
   (You took it off Terence on level 2 of the Dungeon)
Scrolls
 b - 4 scrolls of identify {unknown}
 d - 2 scrolls of teleportation {unknown}
 f - a scroll of holy word {unknown}
Potions
 c - a potion of curing {unknown}
 e - a potion of heal wounds {unknown}
 h - a potion of flight {unknown}
 m - a potion of might {unknown}
 n - a potion of resistance {unknown}
 o - a potion of lignification {unknown}
 p - a potion of degeneration {unknown}
 q - a potion of attraction {unknown}
 s - a potion of haste {unknown}


   Skills:
 - Level 2.1 Dodging
 - Level 1.5 Stealth
 + Level 5.5 Spellcasting


You had 2 spell levels left.
You knew the following spells:

 Your Spells              Type           Power      Damage    Failure   Level
a - Frozen Ramparts       Ice            100%       1d12      2%          3
g - Scorch                Fire           66%        2d8       1%          2
A - Ozocubu's Armour      Ice            50%        N/A       2%          3
U - Sandblast             Erth           66%        2d15      1%          1
X - Hailstorm             Conj/Ice       50%        3d11      9%          4
Z - Freeze                Ice            100%       1d11      1%          1
Your spell library was empty.

Dungeon Overview and Level Annotations

Branches:
Dungeon (3/15)

Altars:

Annotations:
D:3 ticklebelly's ghost, amateur MiBe


Innate Abilities, Weirdness & Mutations

You are immune to sickness and miasma.
You are immune to poison.
Your flesh is very heat resistant. (rF++)
You are vulnerable to cold. (rC-)
You float through the air rather than walking.
You learn spells naturally, not from books.
Your magical power is your life essence.
You have superior vitality. (+4 MHP)


Message History

There are monsters nearby!
You can't see any susceptible monsters within range! (Use Z to cast anyway.)
You can't see any susceptible monsters within range! (Use Z to cast anyway.) Flames lash the quokka.
You kill the quokka!
You hear a shout!
A kobold comes into view. It is wielding a +0 short sword.
You take 2 damage, and have 38/40 hp.
Flames lash the quokka.
You kill the quokka!
You take 2 damage, and have 36/40 hp.
You can't see any susceptible monsters within range! (Use Z to cast anyway.)
You can't see any susceptible monsters within range! (Use Z to cast anyway.) Flames lash the kobold.
You kill the kobold!
You take 2 damage, and have 35/40 hp.
You see here a quokka corpse.
d - 2 scrolls labelled ZUOKIT PUMIKK (gained 1)
Things that are here:
a +0 short sword; a kobold corpse Health restored: 40
There is a stone staircase leading down here.
The orc shouts! x2; You hear a shout!
Ticklebelly's ghost turns its malevolent gaze towards you.
Could not explore, unopened runed door.
Could not explore, unopened runed door.
You see here an orb of wrath.
You see here an orb of wrath.
t - an orb of wrath Unknown command.
You drop an orb of wrath.
The orc shouts!
You can't see any susceptible monsters within range! (Use Z to cast anyway.)
Okay, then.
Unknown command.
Unknown command.
Unknown command.
Unknown command.
Unknown command.
You feel a surge of power! A film of ice covers your body!
You take 2 damage, and have 38/40 hp.
You feel a surge of power!
Your icy armour thickens.
You take 3 damage, and have 35/40 hp.
You feel a surge of power!
The walls around you are covered in ice.
You take 3 damage, and have 32/40 hp.
You reach down and open the gate.
The wall freezes the orc!
You kill the orc!
Flames lash the hobgoblin.
You kill the hobgoblin!
You take 2 damage, and have 30/40 hp.
Flames lash ticklebelly's ghost.
Ticklebelly's ghost's fire resistance burns away.
The wall freezes ticklebelly's ghost!
Ticklebelly's ghost screams, "Don't try to defend!
You have no chance!"
The wall freezes the orc.
The orc hits you with a +0 short sword.
You take 3 damage, and have 27/40 hp.
Flames lash the scorpion zombie.
The scorpion zombie's fire resistance burns away.
The scorpion zombie resists.
The wall freezes the scorpion zombie.
The wall freezes the orc.
The orc hits you with a +0 short sword.
You take 6 damage, and have 21/40 hp.
Flames lash the orc.
You kill the orc!
The wall freezes ticklebelly's ghost!
Ticklebelly's ghost hits you but does no damage.
You take 2 damage, and have 19/40 hp.
Flames lash the scorpion zombie.
The scorpion zombie is burned terribly!
The scorpion zombie resists.
The wall freezes the scorpion zombie.
The wall freezes ticklebelly's ghost!
Ticklebelly's ghost hits you.
* * * LOW HITPOINT WARNING * * *
You take 7 damage, and have 12/40 hp.
Okay, then.
Unknown command.
Flames lash ticklebelly's ghost.
Ticklebelly's ghost is burned terribly!
* * * LOW HITPOINT WARNING * * *
The wall freezes ticklebelly's ghost.
Ticklebelly's ghost hits you but does no damage.
You take 2 damage, and have 10/40 hp.
Flames lash the scorpion zombie.
The scorpion zombie is burned terribly!
You destroy the scorpion zombie!
* * * LOW HITPOINT WARNING * * *
The wall freezes ticklebelly's ghost.
Ticklebelly's ghost hits you.
* * * LOW HITPOINT WARNING * * *
You take 6 damage, and have 4/40 hp.
Flames lash ticklebelly's ghost but do no damage.
* * * LOW HITPOINT WARNING * * *
The frozen ramparts melt away.
Ticklebelly's ghost closely misses you.
You take 2 damage, and have 2/40 hp.
You don't have enough health to cast this spell.
Okay, then.
Unknown command.
Okay, then.
Unknown command.
Unknown command.
Your icy armour will break if you move.
Continue?
Your icy armour cracks and falls away as you move.
Ticklebelly's ghost is no longer more vulnerable to fire.
Ticklebelly's ghost hits you.
You die...

#.####.## #.# #.# #.####
#.# #.# #....# #.# ### #.#
####.# #.# ..# #.# #.# #.#
#.# #.# #.# ####### #.#
#.# #.# ####.#####.....#
#.# #.# #.#
#..............#####.# #.#
#.# #....W@..............#
#.# #.#
#[.#########...####### #.#
#.# #..#.......#...# #.#
#.# #..#.......#...#
#.####.# #.)')......#...#
.÷..##.# #..'.....?.#...#
###.##.# #..'.....$.#...#
# #....####..#.......#...#
###.####.....#.......#...#


You could see ticklebelly's ghost.

Vanquished Creatures
  Crazy Yiuf (D:2)
  Jessica (D:2)
  Terence (D:2)
  A scorpion zombie (D:3)
  6 adders
  4 orcs
  3 bats
  7 endoplasms
  A giant cockroach (D:1)
  4 goblins
  7 hobgoblins
  8 jackals
  5 kobolds
  6 quokkas
  4 ball pythons
  5 frilled lizards
  6 rats
70 creatures vanquished.

Notes
Turn   | Place    | Note
-------+----------+-------------------------------------------
     0 | D:1      | murtidash the Djinni Ice Elementalist began the quest for
                  | the Orb.
     0 | D:1      | Reached XP level 1. HP: 15/15 MP: 0/0
   217 | D:1      | Reached XP level 2. HP: 15/21 MP: 0/0
   808 | D:1      | Reached XP level 3. HP: 23/25 MP: 0/0
   808 | D:1      | Learned a level 1 spell: Sandblast
   904 | D:1      | Reached skill level 4 in Spellcasting
  1743 | D:2      | Found a faded altar of an unknown god.
  1748 | D:2      | Reached XP level 4. HP: 25/31 MP: 0/0
  1855 | D:2      | Noticed Terence
  1857 | D:2      | Noticed Jessica
  1860 | D:2      | Killed Terence
  1860 | D:2      | Killed Jessica
  1861 | D:2      | Reached XP level 5. HP: 32/35 MP: 0/0
  1861 | D:2      | Learned a level 2 spell: Scorch
  2174 | D:2      | Reached skill level 5 in Spellcasting
  2799 | D:2      | Found a runed translucent door.
  2800 | D:2      | Noticed Crazy Yiuf
  2806 | D:2      | Killed Crazy Yiuf
  3138 | D:3      | Noticed ticklebelly's ghost (amateur MiBe)
  3149 | D:3      | Found a runed translucent gate.
  3149 | D:3      | Found a runed translucent gate.
  3149 | D:3      | Found a runed translucent gate.
  3197 | D:3      | Reached XP level 6. HP: 38/40 MP: 0/0
  3822 | D:3      | HP: 4/40 [ticklebelly's ghost (4)]
  3829 | D:3      | Slain by ticklebelly's ghost

Illustrated notes

Levels and vault maps discovered:
D:1:      scummos_arrival_forest, layout_basic, st_stairs_2, skrybe_limestone_x,
          corner_web_ring, minmay_tromino_i4
D:2:      layout_loops_ring, ebering_ecumenical_altar_box,
          chequers_serial_rivers_large_a, uniq_terence, uniq_jessica,
          uniq_crazy_yiuf_cottage
D:3:      layout_loops_ring, gammafunk_ghost_split, grunt_ministairs_9

Skill      XL: |  1  2  3  4  5 |
---------------+----------------+-----
Spellcasting   | 4 5 |  5.5
Dodging        | |  2.1
Stealth        | |  1.5

Action                   |  1- 3 |  4- 6 || total
-------------------------+-------+-------++-------
Melee: Unarmed           |     5 |     2 ||     7
       Dagger            |     1 |     3 ||     4
 Cast: Freeze            |    47 |    25 ||    72
       Frozen Ramparts   |       |     4 ||     4
       Scorch            |       |    26 ||    26
       Ozocubu's Armour  |       |     3 ||     3
Armor: Robe              |     3 |     4 ||     7
Dodge: Dodged            |    23 |    12 ||    35

Table legend: (Time is in decaauts)
 A = Elapsed time spent in this place.
 B = Non-inter-level travel time spent in this place.
 C = Inter-level travel time spent in this place.
 D = Time resting spent in this place.
 E = Time spent auto-exploring this place.
 F = Levels seen in this place.
 G = Mean time per level.
                   A        B        C        D        E       F      G
               +--------+--------+--------+--------+--------+-----+--------+
         Total |   3826 |   3663 |    163 |      0 |   3251 |   3 | 1275.3 |
       Dungeon |   3826 |   3663 |    163 |      0 |   3251 |   3 | 1275.3 |
               +--------+--------+--------+--------+--------+-----+--------+

Top non-repeatable levels by time:
     D:2: 1479 daAuts
     D:1: 1417 daAuts
     D:3: 929 daAuts

Table legend:
 A = Kills in this place as a percentage of kills in entire the game.
 B = Kills by you in this place as a percentage of kills by you in the entire game.
 C = Kills by friends in this place as a percentage of kills by friends in the entire game.
 D = Other kills in this place as a percentage of other kills in the entire game.
 E = Experience gained in this place as a percentage of experience gained in the entire game.
 F = Experience gained in this place divided by the number of levels of this place that you have seen.
                   A       B       C       D       E      F
               +-------+-------+-------+-------+-------+----------------------
         Total | 100.0 | 100.0 |   N/A |   N/A | 100.0 | 113.0
       Dungeon | 100.0 | 100.0 |   N/A |   N/A | 100.0 | 113.0
               +-------+-------+-------+-------+-------+----------------------
